 Dungeon Sprint DCSS version 0.21-a0-104-g7b58145 (webtiles) character file.

263 Kidiri the Covert (level 5, -5/28 HPs)
             Began as a Spriggan Enchanter on July 6, 2017.
             Slain by a neqoxec (13 damage)
             ... in the Dungeon (Sprint II: "The Violet Keep of Menkaure").
             The game lasted 00:00:59 (48 turns).

Kidiri the Covert (Spriggan Enchanter)                Turns: 48, Time: 00:01:00

Health: -5/28      AC:  2    Str:  4      XL:     5   Next: 97%
Magic:  8/13       EV: 24    Int: 14 (17) God:
Gold:   0          SH:  0    Dex: 17      Spells: 16/17 levels left

rFire    . . .     SeeInvis +   a - +1 dagger
rCold    . . .     Gourm    .   (shield restricted)
rNeg     . . .     Faith    .   b - +0 robe
rPois    .         Spirit   .   (helmet restricted)
rElec    .         Reflect  .   (no cloak)
rCorr    .         Harm     .   (gloves unavailable)
MR       .....     NoTele   +   (boots unavailable)
Stlth    ++++......             (no amulet)
HPRegen  0.09/turn              (no ring)
MPRegen  0.13/turn              (no ring)

@: berserk cooldown, slowed, quick
A: unfitting armour, see invisible, herbivore 3, speed 3, low mp 1, slow
metabolism 2
a: no special abilities


You were in the Dungeon.
You were not hungry.

You visited 1 branch

Inventory:

Hand Weapons
 a - a +1 dagger (weapon)
Armour
 b - a +0 robe (worn)
Scrolls
 j - a scroll of blinking
Potions
 e - a potion of curing
 f - a potion of heal wounds
 g - a potion of haste
 h - 2 potions of magic
Books
 c - a book of Maledictions

   Spells                             Type                      Level
   a - Corona                         Hexes                        1
   b - Ensorcelled Hibernation        Hexes/Ice                    2
   c - Confuse                        Hexes                        3
   d - Tukima's Dance                 Hexes                        3
   e - Dazzling Spray                 Conjuration/Hexes            3
Comestibles
 d - a bread ration


   Skills:
 + Level 2.8 Fighting
 * Level 5.8 Short Blades
 + Level 2.5 Armour
 * Level 8.1 Dodging
 * Level 9.2 Stealth
 * Level 6.7 Spellcasting
 + Level 5.7 Hexes


You had 16 spell levels left.
You knew the following spells:

 Your Spells              Type           Power        Failure   Level  Hunger
a - Corona                Hex            ###....      1%          1    None


Dungeon Overview and Level Annotations

Branches:
Dungeon (1/1)

Altars:


Innate Abilities, Weirdness & Mutations

You are very small and have problems with some larger weapons.
You are too small for most types of armour.
You have supernaturally acute eyesight. (SInv)
You are a herbivore.
You cover ground extremely quickly.
You need consume almost no food.
Your magical capacity is low. (-10% MP)


Message History

The quasit completely misses you. The neqoxec gestures at you.
You feel dopey. Something feeds on your intellect!
The shadow imp shouts, "Go and return not, thou hateful beef-witted beggar!"
The shadow imp barely misses you.
You barely miss the neqoxec.
The neqoxec is lightly wounded.
The iron imp disappears in a puff of smoke!
The quasit completely misses you.
The quasit claws you but does no damage.
The quasit completely misses you. The neqoxec barely misses you.
The shadow imp misses you.
You hit the neqoxec.
The neqoxec is lightly wounded.
The iron imp disappears in a puff of smoke!
The quasit bites you. The quasit completely misses you. The quasit claws you.
* * * LOW HITPOINT WARNING * * *
The neqoxec hits you!
You die...

## ## ##.
.## .w w. #
$#. # ##n
#+# .#
#.n.##.##55#
#+.5@33#
#.n.##5##5#
##n #+# .# #


a#a # .a a. ### ### You could see 2 neqoxecs, 2 quasits, a crimson imp and 2
shadow imps.

Vanquished Creatures
  2 neqoxecs (D)
2 creatures vanquished.

Notes
Turn   | Place    | Note
-------+----------+-------------------------------------------
     0 | D        | Kidiri the Spriggan Enchanter began the quest for the Orb.
     0 | D        | Reached XP level 1. HP: 9/9 MP: 5/5
     1 | D        | Noticed a worker ant
     1 | D        | Noticed a worker ant
     1 | D        | Noticed a worker ant
     1 | D        | Noticed a worker ant
     5 | D        | Noticed a necrophage
     5 | D        | Noticed a necrophage
     5 | D        | Noticed a necrophage
     5 | D        | Noticed a necrophage
     9 | D        | Noticed a tyrant leech
     9 | D        | Noticed a tyrant leech
    13 | D        | Noticed a neqoxec
    13 | D        | Noticed a neqoxec
    13 | D        | Noticed a neqoxec
    13 | D        | Noticed a neqoxec
    15 | D        | Noticed an iron imp
    22 | D        | Noticed a crimson imp
    24 | D        | Killed a neqoxec
    24 | D        | Reached skill level 1 in Armour
    24 | D        | Reached skill level 7 in Stealth
    24 | D        | Reached skill level 5 in Spellcasting
    24 | D        | Reached skill level 5 in Hexes
    24 | D        | Reached XP level 2. HP: 15/15 MP: 5/9
    24 | D        | Reached XP level 3. HP: 18/18 MP: 6/11
    24 | D        | Reached XP level 4. HP: 23/23 MP: 6/12
    26 | D        | Gained mutation: Your magical capacity is low. (-10% MP) [a neqoxec]
    33 | D        | Killed a neqoxec
    33 | D        | Reached skill level 5 in Short Blades
    33 | D        | Reached skill level 9 in Stealth
    33 | D        | Reached XP level 5. HP: 28/28 MP: 6/13
    48 | D        | Slain by a neqoxec

Vault maps used:
D:        the_violet_keep_of_menkaure

Skill      XL: |  1  2  3  4 |
---------------+-------------+-----
Fighting       | 2 |  2.8
Short Blades   | 4 5 |  5.8
Armour         | 1 2 |  2.5
Dodging        | 6 8 |  8.1
Stealth        | 7 9 |  9.2
Spellcasting   | 5 6 |  6.7
Hexes          | 5 |  5.7

Action                   |  1- 3 |  4- 6 || total
-------------------------+-------+-------++-------
Melee: Dagger            |    10 |    24 ||    34
  Use: Potion            |     1 |       ||     1
Armor: Robe              |       |     2 ||     2
Dodge: Dodged            |     5 |    17 ||    22
